 Dungeon Crawl Stone Soup version 0.29-a0-892-g2c4c91d9db (webtiles) character file.

Game seed: 2531877167290403952

2788 borisvolfson860 the Cleaver (level 9, -3/79 HPs)
             Began as a Minotaur Berserker on July 22, 2022.
             Was an Elder of Trog.
             Slain by an orc warrior
             ... wielding a +0 dire flail
              (15 damage)
             ... on level 7 of the Dungeon.
             The game lasted 00:19:24 (7598 turns).

borisvolfson860 the Cleaver (Minotaur Berserker)    Turns: 7598, Time: 00:19:25

Health: -3/79      AC: 14    Str: 25    XL:     9   Next: 43%
Magic:  8/8        EV:  8    Int:  4    God:    Trog [****..]
Gold:   282        SH:  8    Dex: 11    Spells: 8/8 levels left

rFire   + . .      SeeInvis .   y - +4 hand axe
rCold   . . .      Faith    +   u - +0 kite shield
rNeg    . . .      Spirit   .   H - +0 chain mail
rPois   .          Reflect  .   (helmet restricted)
rElec   .          Harm     .   J - +2 cloak
rCorr   .          Rampage  .   (no gloves)
Will    .....                   (no boots)
Stlth   ..........              s - amulet of faith
HPRegen 0.23/turn               o - ring of protection from fire
MPRegen 0.11/turn               (no ring)

@: on berserk cooldown, slowed, very slow
A: horns 2, retaliatory headbutt, talons 1, mutation resistance 1
a: Renounce Religion, Berserk, Trog's Hand, Brothers in Arms


You were on level 7 of the Dungeon.
You worshipped Trog.
Trog was greatly pleased with you.
You visited 1 branch of the dungeon, and saw 8 of its levels.

You collected 338 gold pieces.
You spent 56 gold pieces at shops.

Inventory:

Hand Weapons
 v - a +0 morningstar
 y - a +4 hand axe (weapon)
 G - a +5 flail of protection
Missiles
 A - 5 boomerangs (quivered)
Armour
 u - a +0 kite shield (worn)
 H - a +0 chain mail (worn)
 J - a +2 cloak (worn)
Jewellery
 f - an amulet of magic regeneration
 l - a +6 ring of strength
 o - a ring of protection from fire (left hand)
 s - an amulet of faith (around neck)
 B - an amulet of regeneration
 E - a +6 ring of intelligence
 I - a ring of see invisible
Wands
 e - a wand of flame (11)
Scrolls
 c - 4 scrolls of fear
 h - 4 scrolls of enchant weapon {unknown}
 i - 2 scrolls of silence {unknown}
 j - 2 scrolls of immolation {unknown}
 k - a scroll of amnesia {unknown}
 m - a scroll of identify
 n - 2 scrolls of torment {unknown}
 r - 2 scrolls of fog {unknown}
 w - a scroll of enchant armour {unknown}
 D - 3 scrolls of teleportation {unknown}
 K - a scroll of vulnerability {unknown}
Potions
 a - a potion of degeneration {unknown}
 b - 2 potions of resistance
 d - a potion of magic {unknown}
 g - 4 potions of might
 p - a potion of ambrosia {unknown}
 t - a potion of attraction {unknown}
 x - a potion of heal wounds {unknown}
 z - a potion of lignification {unknown}
 C - 2 potions of brilliance {unknown}
 F - 2 potions of haste {unknown}


   Skills:
 + Level 7.5 Fighting
 + Level 10.2 Axes
 + Level 8.1 Armour
 + Level 4.6 Dodging
 + Level 2.2 Stealth
 + Level 3.6 Shields


You had 8 spell levels left.
You didn't know any spells.
Your spell library contained the following spells:

 Spells                   Type           Power      Damage    Failure   Level
 Freeze                   Ice            0%         1d3       100%        1
 Static Discharge         Conj/Air       0%         3-3/arc   100%        2
 Gell's Gravitas          Tloc           0%         N/A       100%        3
 Lesser Beckoning         Tloc           0%         N/A       100%        3
 Teleport Other           Tloc           0%         N/A       100%        3
 Dispel Undead            Necr           0%         3d6       100%        4
 Sticky Flame             Conj/Fire      0%         2d3       100%        4


Dungeon Overview and Level Annotations

Branches:
Dungeon (8/15)             Temple (0/1) D:4
   Lair: D:8-11

Altars:
Ru
Sif Muna
Uskayaw
Vehumet
Lugonu

Shops:
D:5 *

Portals:
Abyss: D:3

Annotations:
D:3 1 runed translucent door, pikkel's ghost, amateur FoFi


Innate Abilities, Weirdness & Mutations

You have a pair of horns on your head.
You reflexively headbutt those who attack you in melee.
You have sharp toenails.
You are somewhat resistant to further mutation.


Message History

You block the orc warrior's attack.
The orange demon stings you but does no damage.
You climb upwards.
You are no longer berserk.
You are exhausted.
You feel as though you will be slow longer.
You feel very sick.
There is a stone staircase leading down here.
You hit the orc warrior.
You claw the orc warrior, but do no damage.
The orc warrior is lightly wounded.
You closely miss the orc.
You feel sick. The orc completely misses you. You furiously retaliate!
You headbutt the orc!
You kill the orc!
Trog accepts your kill. You block the orc warrior's attack.
You hit the orc warrior.
You claw the orc warrior, but do no damage.
You headbutt the orc warrior, but do no damage.
The orc warrior is lightly wounded.
You feel sick.
The orc warrior hits you with a +0 dire flail.
The orc warrior closely misses you. You furiously retaliate!
You headbutt the orc warrior!
You feel better. You block the orc warrior's attack.
You feel better. You block the orc warrior's attack. x2
You barely miss the orc warrior. You claw the orc warrior.
The orc warrior is heavily wounded.
The orc warrior hits you with a +0 dire flail!
You closely miss the orc warrior. Your kick misses the orc warrior.
The orc warrior is heavily wounded.
The orc warrior hits you with a +0 dire flail!
* * * LOW HITPOINT WARNING * * *
The orc warrior hits you with a +0 dire flail.
* * * LOW HITPOINT WARNING * * *
You fail to use your ability.
The orc warrior hits you with a +0 dire flail.
* * * LOW HITPOINT WARNING * * *
The orc warrior hits you with a +0 dire flail!
You die...

#..###
#..####.............####
....### #..#
###.........(.##.##
##....###..#
##.........##...#
##........##
##........#....#
##........##
##............#
###...#...##
#....###.....#
##..####..## #...##
##..... #..##
##..#####...# ##....
##..# ##..@.#...## #....
#..## ##..o...## ##...
##..# #......## #...
#..## ##.......# ##...
##..# ##...##...###
###.... ##..##
##...####....####...###
....# ##.####
#.......#...## ....##
###.## ###........##
##...###..## #....)..##


You could see an orc warrior.

Vanquished Creatures
  Amaemon (D:8)
  Sigmund (D:2)
  A steam dragon (D:8)
  Edmund (D:5)
  3 ice beasts
  An ogre (D:5)
  2 centaurs
  A phantom (D:5)
  Blork the orc (D:6)
  2 bullfrogs
  3 scorpions
  2 necrophages (D:5)
  A howler monkey (D:5)
  A jelly (D:6)
  5 hounds
  3 orc priests
  3 iguanas
  Jessica (D:3)
  Crazy Yiuf (D:5)
  Ijyb (D:5)
  4 orc wizards
  4 adders
  2 white imps
  2 worms (D:4)
  A dart slug (D:5)
  18 orcs
  13 ball pythons
  4 bats
  13 endoplasms
  4 giant cockroaches
  4 goblins
  6 hobgoblins
  8 jackals
  5 quokkas
  2 frilled lizards (D:1)
  14 kobolds
  9 rats
  A lurking horror (D:3)
149 creatures vanquished.

Vanquished Creatures (others)
  A plant (D:4)
1 creature vanquished.

Grand Total: 150 creatures vanquished

Notes
Turn   | Place    | Note
-------+----------+-------------------------------------------
     0 | D:1      | borisvolfson860 the Minotaur Berserker began the quest for
                  | the Orb.
     0 | D:1      | Reached XP level 1. HP: 19/19 MP: 0/0
   468 | D:1      | Reached XP level 2. HP: 17/27 MP: 1/1
   705 | D:1      | Reached skill level 4 in Axes
   826 | D:1      | Found a faded altar of an unknown god.
   834 | D:1      | Got Plato's Vellum of the Iceberg
  1367 | D:2      | Noticed Sigmund
  1556 | D:2      | Killed Sigmund
  1557 | D:2      | Reached skill level 5 in Axes
  1557 | D:2      | Reached skill level 1 in Stealth
  1557 | D:2      | Reached XP level 3. HP: 35/35 MP: 2/2
  1557 | D:2      | Reached XP level 4. HP: 41/41 MP: 3/3
  1557 | D:2      | Reached XP level 5. HP: 47/47 MP: 4/4
  1716 | D:2      | Reached skill level 5 in Fighting
  1747 | D:2      | Reached ** piety under Trog
  2492 | D:3      | Reached XP level 6. HP: 56/56 MP: 5/5
  2606 | D:3      | Noticed Jessica
  2618 | D:3      | Killed Jessica
  2663 | D:3      | Found a corrupted altar of Lugonu.
  2665 | D:3      | Found a one-way gate to the infinite horrors of the Abyss.
  2854 | D:3      | Reached skill level 6 in Axes
  2884 | D:3      | Found a runed translucent door.
  2884 | D:3      | Noticed pikkel's ghost (amateur FoFi)
  3343 | D:4      | Found a staircase to the Ecumenical Temple.
  3497 | D:4      | Reached *** piety under Trog
  3717 | D:4      | Reached XP level 7. HP: 43/61 MP: 6/6
  4036 | D:4      | Found a radiant altar of Vehumet.
  4097 | D:4      | Found a shimmering blue altar of Sif Muna.
  4240 | D:5      | Entered Level 5 of the Dungeon
  4253 | D:5      | Reached skill level 7 in Axes
  4606 | D:5      | Found Pylyist's Assorted Antiques.
  4802 | D:5      | Noticed Ijyb
  4809 | D:5      | Noticed Edmund
  4812 | D:5      | Killed Ijyb
  4813 | D:5      | Reached skill level 8 in Axes
  4831 | D:5      | Killed Edmund
  4832 | D:5      | Reached skill level 5 in Armour
  4832 | D:5      | Reached XP level 8. HP: 24/70 MP: 7/7
  4843 | D:5      | Noticed Blork the orc
  4862 | D:6      | Killed Blork the orc
  5089 | D:5      | Reached skill level 9 in Axes
  5089 | D:5      | Reached skill level 1 in Shields
  5430 | D:5      | Bought a scroll labelled MOSCHO MOBRAUW for 28 gold pieces
  5430 | D:5      | Bought a scroll labelled TIAN MEUZO for 28 gold pieces
  5474 | D:5      | Found a runed translucent door.
  5475 | D:5      | Noticed Crazy Yiuf
  5481 | D:5      | Killed Crazy Yiuf
  6222 | D:6      | Found a sacrificial altar of Ru.
  6467 | D:6      | Gained mutation: You are occasionally teleported next to
                  | monsters. [potion of mutation]
  6467 | D:6      | Gained mutation: Your flesh is heat resistant. (rF+)
                  | [potion of mutation]
  6468 | D:6      | Lost mutation: Your flesh is heat resistant. (rF+) [potion
                  | of mutation]
  6468 | D:6      | Lost mutation: You are occasionally teleported next to
                  | monsters. [potion of mutation]
  6468 | D:6      | Gained mutation: Your muscles are strong. (Str +4, Int/Dex
                  | -1) [potion of mutation]
  6468 | D:6      | Gained mutation: You occasionally shout uncontrollably at
                  | your foes. [potion of mutation]
  6468 | D:6      | Gained mutation: Your system is resistant to poisons.
                  | (rPois) [potion of mutation]
  6469 | D:6      | Lost mutation: Your muscles are strong. (Str +4, Int/Dex
                  | -1) [potion of mutation]
  6469 | D:6      | Lost mutation: You occasionally shout uncontrollably at
                  | your foes. [potion of mutation]
  6469 | D:6      | Lost mutation: Your system is resistant to poisons. (rPois)
                  | [potion of mutation]
  6469 | D:6      | Gained mutation: You have sharp toenails. [potion of
                  | mutation]
  6469 | D:6      | Gained mutation: You are somewhat resistant to further
                  | mutation. [potion of mutation]
  6673 | D:7      | Reached **** piety under Trog
  6674 | D:7      | Reached XP level 9. HP: 79/79 MP: 8/8
  6966 | D:7      | Found a hide-covered altar of Uskayaw.
  7524 | D:8      | Noticed Amaemon
  7577 | D:8      | Noticed an orange demon
  7585 | D:8      | Killed Amaemon
  7586 | D:8      | Reached skill level 10 in Axes
  7598 | D:7      | Slain by an orc warrior

Illustrated notes

Levels and vault maps discovered:
D:1:      lightli_arrival_statuegarden, layout_basic,
          shapermc_ecumenical_altar_rom_forum
D:2:      layout_basic, uniq_sigmund
D:3:      layout_loops_corners, gammafunk_ghost_grave,
          amcnicky_altar_lugonu_corruption, uniq_jessica
D:4:      layout_basic, mainiacjoe_overflow_brackets, vehumet_crystals,
          minmay_temple_entry_wispy, corexii_shack, grunt_tough_drop
D:5:      layout_cave_pools, serial_shops, nicolae_shop_hallway_stairs,
          minmay_curled_crystal, minmay_crystal_water, uniq_blork_the_orc,
          uniq_edmund, uniq_crazy_yiuf_cottage, uniq_ijyb
D:6:      layout_rooms, nicolae_ru_sacrificial_ziggurat
D:7:      layout_layer_cave, mainiacjoe_overflow_small_starburst
D:8:      layout_basic, grunt_temple_overflow_growth_and_decay,
          grunt_qazlal_clouds, enter_bailey_3, uniq_amaemon

Skill      XL: |  1  2  3  4  5  6  7  8  9 |
---------------+----------------------------+-----
Axes           | 5 6 8 9 10 | 10.2
Fighting       | 4 5 6 7 |  7.5
Dodging        | 3 4 |  4.6
Stealth        | 1 2 |  2.2
Armour         | 3 5 7 8 |  8.1
Shields        | 2 3 |  3.6

Action                   |  1- 3 |  4- 6 |  7- 9 || total
-------------------------+-------+-------+-------++-------
Melee: Hand axe          |    45 |   142 |   160 ||   347
       Headbutt          |     5 |    16 |    34 ||    55
       Punch             |       |     2 |       ||     2
       Kick              |       |       |    13 ||    13
Invok: Berserk           |     1 |     3 |     5 ||     9
       Trog's Hand       |       |       |     1 ||     1
  Use: Scroll            |       |       |     9 ||     9
       Potion            |       |       |     5 ||     5
 Stab: Sleeping          |     1 |       |       ||     1
       Held in net/web   |     1 |       |       ||     1
Armor: Animal skin       |     6 |       |       ||     6
       Leather armour    |     1 |     6 |       ||     7
       Scale mail        |       |    41 |    24 ||    65
       Chain mail        |       |       |    51 ||    51
Dodge: Dodged            |    25 |    68 |    61 ||   154
Block: Buckler           |       |       |     6 ||     6
       Kite shield       |       |       |    34 ||    34

Table legend: (Time is in decaauts)
 A = Elapsed time spent in this place.
 B = Non-inter-level travel time spent in this place.
 C = Inter-level travel time spent in this place.
 D = Time resting spent in this place.
 E = Time spent auto-exploring this place.
 F = Levels seen in this place.
 G = Mean time per level.
                   A        B        C        D        E       F      G
               +--------+--------+--------+--------+--------+-----+--------+
         Total |   7677 |   7435 |    242 |    208 |   6090 |   8 |  959.6 |
       Dungeon |   7677 |   7435 |    242 |    208 |   6090 |   8 |  959.6 |
               +--------+--------+--------+--------+--------+-----+--------+

Top non-repeatable levels by time:
     D:1: 1518 daAuts
     D:5: 1220 daAuts
     D:3: 1137 daAuts
     D:7: 1105 daAuts
     D:6: 1048 daAuts
     D:4: 904 daAuts
     D:2: 725 daAuts
     D:8: 16 daAuts
